 Dungeon Crawl Stone Soup version 0.19-a0-1170-g18f0c96 (webtiles) character file.

231602 rlgrobin the Marksdemigod (level 18, -8/157 HPs)
             Began as a Demigod Gladiator on Aug 12, 2016.
             Mangled by a cyan very ugly thing (24 damage)
             ... on level 2 of the Vaults on Aug 18, 2016.
             The game lasted 03:35:58 (46119 turns).

rlgrobin the Marksdemigod (Demigod Gladiator)      Turns: 46119, Time: 03:35:58

Health: -8/157     AC: 30    Str: 25    XL:     18   Next: 13%
Magic:  30/30      EV: 14    Int: 16    God:
Gold:   274        SH:  0    Dex: 20    Spells: 6 memorised, 3 levels left

rFire  + + +     SeeInvis .     b - +7 longbow (flame)
rCold  + + .     Gourm    .     J - +4 plate armour {rC+}
rNeg   . . .     Faith    .     (shield currently unavailable)
rPois  .         Spirit   .     w - +2 helmet
rElec  .         Dismiss  .     V - +0 cloak "Ygger" {rCorr Str+3}
rCorr  +         Reflect  .     h - +2 pair of gloves
MR     ++...     Harm     .     K - +2 pair of boots
Stlth  ..........               T - amulet of regeneration
                                s - ring of protection from magic
                                z - ring of Mifink {rF+++ rC+}

@: no status effects
A: high mp 1, regeneration 1, sustain attributes
a: no special abilities
}: 1/15 runes: serpentine


You were on level 2 of the Vaults.
You were not hungry.

You visited 6 branches of the dungeon, and saw 30 of its levels.
You also visited: Labyrinth and Ice Cave.

You collected 2762 gold pieces.
You spent 2488 gold pieces at shops.


Innate Abilities, Weirdness & Mutations

You have an increased reservoir of magic. (+10% MP)
Your attributes are resistant to harm.
Your natural rate of healing is unusually fast.


   Skills:
 + Level 13.0 Fighting
 - Level 17.2 Bows
 - Level 2.6 Throwing
 - Level 10.1 Armour
 - Level 10.0 Dodging
 - Level 15.0 Unarmed Combat
 - Level 1.1 Spellcasting
 - Level 3.8 Charms
 - Level 3.1 Air Magic
 - Level 10.4 Evocations


You had 3 spell levels left.
You knew the following spells:

 Your Spells              Type           Power        Failure   Level  Hunger
b - Blink                 Tloc           N/A          100%        2    ###....
d - Repel Missiles        Chrm/Air       ##....       86%         2    ###....
e - Apportation           Tloc           #.........   99%         1    ##.....
g - Regeneration          Chrm/Necr      #.........   100%        3    ####...
h - Haste                 Chrm           ##......     100%        6    #######
N - Passwall              Tmut/Erth      #.........   100%        2    ###....

Inventory:

Hand Weapons
 b - a +7 longbow of flaming (weapon)
Missiles
 j - 427 arrows (quivered)
 v - 4 throwing nets {=f}
Armour
 h - a +2 pair of gloves (worn)
 w - a +2 helmet (worn)
 A - an ice dragon hide
 J - a +4 plate armour of cold resistance (worn)
 K - a +2 pair of boots (worn)
 P - a +1 plate armour of poison resistance
 V - the +0 cloak "Ygger" (worn) {rCorr Str+3}

   It affects your strength (+3).
   It protects you from acid and corrosion.
Jewellery
 a - an uncursed ring of protection from magic
 r - an uncursed ring of poison resistance
 s - a ring of protection from magic (right hand)
 x - the ring "Jionecai" {rN+ Dex+4 SInv}

   [ring of dexterity]

   It affects your dexterity (+4).
   It protects you from negative energy.
   It lets you see invisible.
 z - the ring of Mifink (left hand) {rF+++ rC+}

   [ring of protection from cold]

   It renders you almost immune to fire.
   It protects you from cold.
 T - an amulet of regeneration (around neck)
Wands
 k - a wand of confusion (21/48)
 p - a wand of confusion (26/48)
 t - a wand of acid (0/15)
 y - a wand of digging (16/24)
 G - a wand of confusion (4/48)
 S - a wand of heal wounds (4/9) {!d@v2}
 U - a wand of disintegration (9/24)
Scrolls
 f - 2 scrolls of noise {!r}
 g - 8 scrolls of remove curse
 i - 4 scrolls of teleportation {@r4}
 m - 2 scrolls of fear
 n - 6 scrolls of immolation {!r}
 o - 3 scrolls of recharging
 C - a scroll of blinking
 L - 4 scrolls of fog
 O - 2 scrolls of magic mapping
Potions
 c - 7 potions of brilliance
 e - 4 potions of flight
 D - 5 potions of curing {@q1}
 N - 2 potions of cure mutation
 Q - 2 potions of magic
Books
 E - a book of the Earth

   Spells                             Type                      Level
   a - Leda's Liquefaction            Hexes/Earth                  4
   b - Bolt of Magma                  Conjuration/Fire/Earth       5
   c - Statue Form                    Transmutation/Earth          6
   d - Iron Shot                      Conjuration/Earth            6
   e - Shatter                        Earth                        9
Miscellaneous
 l - a fan of gales (inert)
 q - a sack of spiders
Comestibles
 d - 10 bread rations
 u - 4 chunks of flesh
 B - 12 meat rations

Dungeon Overview and Level Annotations

Branches:
Dungeon (15/15)            Temple (0/1) D:7            Lair (6/6) D:9
 Shoals (1/4) Lair:2        Snake (4/4) Lair:2        Slime (0/5) Lair:5
    Orc (2/2) D:11            Elf (0/3) Orc:2        Vaults (2/5) D:13
 Depths (0/5) D:15
  Crypt: Vaults:2-3

Shops:
D:11 %   D:12 !   D:15 [   Orc:1 :   Orc:2 ([*=   Snake:2 ==}(

Portals:
Hell: Lair:6

Annotations:
D:2 Terence
Lair:4 Aquadorian's ghost, journeyman MiFi
Lair:5 exclusion: 2 oklob plants
Shoals:1 !Nikola awake quite close to the entrance, Nikola
Orc:1 orc warlord in the shop pocket
Orc:2 exclusion: upstairs

▒▒▒▒▒▒▒▒▒ ▒.......▒
▒.......▒ ▒.......▒
▒((up...▒ ▒▒▒▒▒▒▒
▒..(....+ ▒....(5
▒..(....▒ ▒...5r3
▒...(...▒ '...55(
▒....(..▒ ▒...▒▒▒
▒....(..▒ ▒.....▒
▒....Z..▒ ▒...▒.▒
▒..(.(..▒ ▒...▒[▒
▒▒▒▒▒▒'▒▒.....▒...▒▒▒


You could see a cyan very ugly thing and an ettin zombie.


Message History

* * * LOW HITPOINT WARNING * * *
Firing (i - inventory. (,) - cycle):
j - 428 arrows (quivered)
Press: ? - help, Shift-Dir - straight line, f/p - cyan very ugly thing
Aim: a cyan very ugly thing (heavily wounded)
You shoot an arrow.
The arrow hits the cyan very ugly thing!!
The arrow burns the cyan very ugly thing!
The cyan very ugly thing is almost dead.
The cyan very ugly thing tail-slaps you!
* * * LOW HITPOINT WARNING * * *
The cyan very ugly thing shocks you!!
* * * LOW HITPOINT WARNING * * *
Okay, then.
Evoke which item? (* to show all) (? for menu, Esc to quit)
Zapping:
S - a wand of heal wounds (5/9) {!d@v2}
Press: ? - help, Shift-Dir - straight line, f - you, p - cyan very ugly thing You feel much better.
This wand has 4 charges left.
The cyan very ugly thing tail-slaps you.
* * * LOW HITPOINT WARNING * * *
The cyan very ugly thing shocks you!!
* * * LOW HITPOINT WARNING * * *
An ettin zombie comes into view.
Unknown command.
Evoke which item? (* to show all) (? for menu, Esc to quit)
A fierce wind blows from the fan.
The cyan very ugly thing tail-slaps you!
* * * LOW HITPOINT WARNING * * *
The cyan very ugly thing shocks you!!
You die...

Action                   |  1- 3 |  4- 6 |  7- 9 | 10-12 | 13-15 | 16-18 || total
-------------------------+-------+-------+-------+-------+-------+-------++-------
Melee: Unarmed           |   120 |   260 |   570 |  1524 |  2118 |   960 ||  5552
       Punch             |     3 |     7 |    26 |    91 |   192 |    88 ||   407
 Fire: Shortbow          |       |       |     9 |    91 |    89 |       ||   189
       Longbow           |       |       |       |       |   172 |   675 ||   847
Throw: Throwing net      |     2 |       |       |     1 |     1 |       ||     4
       Tomahawk          |       |       |     8 |       |       |       ||     8
Evoke: Wand              |       |       |     6 |     5 |    23 |    33 ||    67
       Fan of gales      |       |       |       |       |       |     3 ||     3
  Use: Potion            |     4 |     2 |     2 |     4 |     7 |     5 ||    24
       Scroll            |       |     3 |     6 |    21 |    26 |     4 ||    60
 Stab: Sleeping          |     1 |     1 |       |       |       |       ||     2
       Petrified         |       |       |       |       |     9 |       ||     9
       Petrifying        |       |       |       |       |     1 |       ||     1
       Paralysed         |       |       |       |       |     6 |       ||     6
       Held in net/web   |       |       |       |       |     1 |       ||     1
       Confused          |       |       |       |       |       |     3 ||     3
  Eat: Chunk             |     3 |     8 |    37 |    35 |    21 |    12 ||   116
       Fruit             |       |       |     3 |       |     3 |       ||     6
       Beef jerky        |       |       |       |       |     2 |       ||     2
       Bread ration      |       |       |       |       |     5 |     4 ||     9
       Royal jelly       |       |       |       |       |     1 |       ||     1
       Pizza             |       |       |       |       |     1 |     2 ||     3
Armor: Leather armour    |    28 |     2 |       |       |       |       ||    30
       Skin              |     2 |     2 |       |       |       |       ||     4
       Ring mail         |       |    68 |    26 |       |       |       ||    94
       Plate armour      |       |       |   255 |   860 |   968 |   531 ||  2614
Dodge: Dodged            |    76 |   147 |   203 |   716 |   953 |   560 ||  2655

Vault maps used:
D:1:      erik_arrival_cave_to_civilisation
D:2:      first_bread, nemelex_diamond_rough_becter, uniq_terence, uniq_robin
D:3:      grunt_temple_overflow_open, uniq_jessica
D:4:      minmay_ogre_servants, uniq_purgy
D:5:      eat_drink_and_be_merry_uskayaw, minmay_door_square
D:6:      lemuel_round_altar, lemuel_round_altar, gup_sewer_entry_pipe,
          hangedman_abyss_or_decor_lesser_grid
D:7:      kennysheep_housing_project, nicolae_overflow_hidden_temple,
          kennysheep_mini_moat, grunt_ogre_cave
D:8:      minmay_nine_imps
D:9:      grunt_temple_overflow_gold_and_silver, nicolae_overflow_crystal_walls,
          due_lair_maze_entry_diamond
D:10:     serial_park_tiny_1
D:11:     kennysheep_orc_monster_closet_entryway, serial_shops,
          nicolae_shop_waterfront
D:12:     enter_bailey_2, serial_shops, shop_fountains, uniq_nessos, uniq_kirke
D:13:     lightli_vaults_fourway_checkpoint, uniq_maurice
D:14:     serial_shops, shop, kennysheep_decorative_pillar
D:15:     hangedman_depths_entry_civil_slaughter, minivault_4, serial_shops,
          shop
Lair:1:   lemuel_ratsnest, st_stairs_11
Lair:2:   elwin_shoals_entry_rooms, minmay_snake_entry_guardpost_small,
          portal_ice_cave_entry_pillars_1
Lair:3:   eino_house_with_fridge, serial_bayou_shore_b, grunt_megastairs_3
Lair:4:   roderic_batcave, grunt_megastairs_1, serial_bayou_shore_b,
          serial_bayou_shore_b
Lair:5:   slaughterhouse, minmay_slime_entry_oklob_enclosed,
          serial_bayou_shore_b
Lair:6:   evil_forest, lab_entry_generic, kennysheep_basilisk_garden
Shoals:1: nicolae_shoals_mertower, uniq_nikola
Snake:1:  grunt_megastairs_5, serial_bayou_shore_b
Snake:2:  serial_shops, shop_fountains, shop, st_stairs_6, minmay_shop_grove,
          uniq_aizul
Snake:3:  minmay_snake_pond
Snake:4:  minmay_snake_end_coiled
Orc:1:    serial_shops, nicolae_shop_behind_doors
Orc:2:    st_orc_congregation
Vaults:1: st_smaller_cells, v_rooms_2, nicolae_vaults_angled_halls, v_misc_16,
          hangedman_vaults_snaps, vaults_standard_mumra_lines,
          grunt_vaults_hallway_short, grunt_vaults_swirl,
          nicolae_vaults_ring_of_whatevers, vaults_room_door_ring,
          nicolae_vaults_alarming, serial_ice_m, v_pattern_2, uniq_asterion
Vaults:2: vaults_dpeg_cross, nicolae_vaults_network_quincunx, v_misc_4,
          v_misc_9, serial_hangedman_research, hangedman_research_toxicology,
          hangedman_research_metamorphosis, hangedman_research_geology,
          hangedman_research_thermodynamics
Lab:      labyrinth_mini_lab
IceCv:    ice_cave_statue_garden_teleport

Notes
Turn   | Place    | Note
-------+----------+-------------------------------------------
     0 | D:1      | rlgrobin the Demigod Gladiator began the quest for the Orb.
     0 | D:1      | Reached XP level 1. HP: 17/17 MP: 3/3
   100 | D:1      | Reached skill level 3 in Unarmed Combat
   209 | D:1      | Reached XP level 2. HP: 8/24 MP: 4/4
   919 | D:1      | Found a roughly hewn altar of Beogh.
   919 | D:1      | Noticed an orc warrior
   962 | D:1      | Upgraded the game from 0.19-a0-1127-gac58878 to 0.19-a0-1155-gb6eeeff
  1280 | D:2      | Noticed Robin
  1301 | D:2      | Killed Robin
  1301 | D:2      | Reached skill level 4 in Unarmed Combat
  1301 | D:2      | Reached XP level 3. HP: 29/29 MP: 5/5
  1546 | D:2      | Found a sparkling altar of Nemelex Xobeh.
  1677 | D:2      | Noticed Terence
  1870 | D:3      | Found a hazy altar of Hepliaklqana.
  1870 | D:3      | Found an ancient bone altar of Kikubaaqudgha.
  1938 | D:3      | Reached XP level 4. HP: 32/36 MP: 6/6
  2251 | D:3      | Noticed Jessica
  2265 | D:3      | Killed Jessica
  2265 | D:3      | Reached skill level 5 in Unarmed Combat
  3093 | D:4      | Reached XP level 5. HP: 31/41 MP: 7/7
  3137 | D:4      | Noticed Purgy
  3557 | D:4      | Reached skill level 6 in Unarmed Combat
  3880 | D:4      | Noticed an ogre
  3927 | D:4      | Killed Purgy
  3927 | D:4      | Reached XP level 6. HP: 31/48 MP: 8/8
  3949 | D:5      | Entered Level 5 of the Dungeon
  4207 | D:5      | Reached skill level 7 in Unarmed Combat
  4295 | D:5      | Found a hide-covered altar of Uskayaw.
  4463 | D:5      | Reached XP level 7. HP: 45/53 MP: 9/9
  4562 | D:5      | Reached skill level 8 in Unarmed Combat
  4927 | D:6      | Reached skill level 2 in Fighting
  5017 | D:6      | Reached skill level 3 in Fighting
  5201 | D:6      | Found a white marble altar of Elyvilon.
  5574 | D:6      | Reached skill level 4 in Fighting
  6055 | D:6      | Reached skill level 5 in Fighting
  6283 | D:6      | Reached skill level 1 in Armour
  6283 | D:6      | Reached XP level 8. HP: 24/68 MP: 10/10
  6810 | D:6      | Found a blossoming altar of Fedhas.
  7052 | D:7      | Reached skill level 3 in Armour
  7117 | D:7      | Found a radiant altar of Vehumet.
  7241 | D:7      | Found a sacrificial altar of Ru.
  7254 | D:7      | Reached skill level 4 in Armour
  7303 | D:7      | Reached skill level 2 in Throwing
  7920 | D:7      | Reached skill level 9 in Unarmed Combat
  8217 | D:7      | Reached XP level 9. HP: 64/74 MP: 11/11
  8582 | D:7      | Found a staircase to the Ecumenical Temple.
  8733 | D:7      | Reached skill level 10 in Unarmed Combat
  8867 | D:7      | Found a sparkling altar of Nemelex Xobeh.
  8948 | D:8      | Reached skill level 1 in Bows
  9052 | D:8      | Reached skill level 2 in Bows
  9070 | D:8      | Reached skill level 6 in Fighting
  9070 | D:8      | Reached skill level 3 in Bows
  9249 | D:8      | Reached skill level 4 in Bows
  9603 | D:9      | Found an oddly glowing altar of Pakellas.
  9614 | D:9      | Reached skill level 7 in Fighting
  9620 | D:9      | Reached XP level 10. HP: 84/86 MP: 13/13
  9672 | D:9      | Reached skill level 5 in Bows
 10142 | D:9      | Found a staircase to the Lair.
 10193 | D:9      | Found a glowing silver altar of Zin.
 10193 | D:9      | Found an opulent altar of Gozag.
 10308 | D:10     | Entered Level 10 of the Dungeon
 10308 | D:10     | Noticed a hill giant
 10378 | D:10     | Killed a hill giant
 10378 | D:10     | Reached skill level 8 in Fighting
 10378 | D:10     | Reached skill level 6 in Bows
 10772 | D:10     | Noticed a hill giant
 10778 | D:10     | Killed a hill giant
 10778 | D:10     | Reached skill level 5 in Armour
 10885 | D:10     | Noticed a hill giant
 10918 | D:10     | Killed a hill giant
 10918 | D:10     | Reached skill level 7 in Bows
 11733 | D:11     | Found Qucy's Food Boutique.
 11753 | D:11     | Reached skill level 6 in Armour
 12034 | D:11     | Reached skill level 3 in Dodging
 12042 | D:11     | Noticed an eight-headed hydra
 12275 | D:11     | Killed an unseen horror
 12275 | D:11     | Reached XP level 11. HP: 75/94 MP: 14/14
 12344 | D:11     | Found a staircase to the Orcish Mines.
 12719 | D:11     | Reached skill level 8 in Bows
 12877 | D:11     | Reached skill level 4 in Dodging
 13595 | D:11     | Noticed a hill giant
 13608 | D:11     | Killed a hill giant
 13608 | D:11     | Reached skill level 5 in Dodging
 13680 | D:11     | Noticed a hill giant
 13693 | D:11     | Killed a hill giant
 13811 | D:11     | Upgraded the game from 0.19-a0-1155-gb6eeeff to 0.19-a0-1166-g02d67b9
 13958 | D:12     | Reached skill level 11 in Unarmed Combat
 13997 | D:12     | Found Coschis's Distillery.
 14065 | D:12     | Bought a potion of curing for 39 gold pieces
 14065 | D:12     | Bought a potion of might for 52 gold pieces
 14065 | D:12     | Bought a potion of might for 52 gold pieces
 14251 | D:12     | Reached skill level 6 in Dodging
 14495 | D:12     | Noticed Nessos
 14497 | D:12     | Noticed Kirke
 14506 | D:12     | Killed an unseen horror
 14511 | D:12     | Noticed a harpy
 14511 | D:12     | Noticed a harpy
 14807 | Lair:1   | Entered Level 1 of the Lair of Beasts
 15397 | Lair:1   | Noticed an eight-headed hydra
 15418 | Lair:1   | Upgraded the game from 0.19-a0-1166-g02d67b9 to 0.19-a0-1168-g98094fc
 15446 | Lair:1   | Killed an eight-headed hydra
 15446 | Lair:1   | Reached skill level 7 in Dodging
 15755 | Lair:1   | Identified a wand of heal wounds
 15968 | Lair:2   | Found a frozen archway.
 15988 | IceCv    | Entered an ice cave
 16032 | IceCv    | Got a jewelled double sword
 16049 | IceCv    | Reached XP level 12. HP: 60/101 MP: 15/15
 16064 | Lair:2   | Identified the +4 double sword "Dewk" {slice, Str+2} (You found it in an ice cave)
 16357 | Lair:2   | Reached skill level 12 in Unarmed Combat
 16626 | Lair:2   | Reached skill level 8 in Dodging
 16634 | Lair:2   | Found a staircase to the Snake Pit.
 16647 | Lair:2   | Reached skill level 1 in Evocations
 17019 | Lair:2   | Reached skill level 2 in Evocations
 17139 | Lair:3   | Got a faintly glowing morningstar
 17140 | Lair:3   | Identified the cursed +0 morningstar of Magnificence {crush, Fragile rF++ Dex+10} (You found it on level 3 of the Lair of Beasts)
 17282 | Lair:3   | Reached skill level 3 in Evocations
 17561 | Lair:3   | Reached skill level 4 in Evocations
 18102 | Lair:3   | Reached skill level 5 in Evocations
 18566 | Lair:4   | Reached skill level 6 in Evocations
 18578 | Lair:4   | Noticed Aquadorian's ghost (journeyman MiFi)
 19674 | Lair:5   | Noticed a four-headed hydra
 19788 | Lair:5   | Killed a four-headed hydra
 19788 | Lair:5   | Reached skill level 13 in Unarmed Combat
 19940 | Lair:6   | Entered Level 6 of the Lair of Beasts
 19941 | Lair:6   | fuck death yaks tbh fam
 20133 | Lair:6   | Found a labyrinth entrance.
 20233 | Lab      | Entered a labyrinth
 20373 | Lab      | Noticed a minotaur
 20382 | Lab      | Killed a minotaur
 20382 | Lab      | Reached XP level 13. HP: 107/107 MP: 21/21
 20384 | Lab      | Got a scintillating lapis lazuli ring
 20385 | Lab      | Got a jewelled great sword {drain}
 20386 | Lab      | Identified the cursed +3 great sword "Yryzex" {drain, Int+7} (You took it off a minotaur in a labyrinth)
 20402 | Lab      | Identified the ring "Jionecai" {rN+ Dex+4 SInv} (You took it off a minotaur in a labyrinth)
 20404 | Lab      | Got a faintly glowing amber ring
 20414 | Lair:6   | Identified the ring "Feipli" {rF+ Str+2 Int+4} (You found it in a labyrinth)
 20778 | Lair:6   | Learned a level 6 spell: Haste
 20786 | Lair:6   | Learned a level 6 spell: Deflect Missiles
 20882 | Lair:6   | Reached skill level 14 in Unarmed Combat
 20994 | Lair:5   | Found a staircase to the Slime Pits.
 20995 | Lair:5   | oh come on
 21357 | Lair:5   | Reached skill level 9 in Fighting
 21622 | Lair:5   | Reached skill level 10 in Fighting
 21935 | Lair:6   | Reached skill level 9 in Bows
 22602 | Lair:6   | Found a burning altar of Makhleb.
 22637 | Lair:6   | Reached skill level 10 in Bows
 22935 | Lair:6   | Found a gateway to Hell.
 23213 | Orc:1    | Entered Level 1 of the Orcish Mines
 23416 | Orc:2    | Entered Level 2 of the Orcish Mines
 23618 | Orc:2    | Found a staircase to the Elven Halls.
 23992 | Orc:1    | Found Xunwom's Book Shop.
 23993 | Orc:1    | Noticed an orc warlord
 24089 | Orc:2    | Reached skill level 11 in Fighting
 24217 | Orc:2    | Reached XP level 14. HP: 119/124 MP: 22/22
 24391 | Orc:2    | Noticed an orc warlord
 24391 | Orc:2    | ehhh
 24514 | Orc:2    | Killed an orc warlord
 24930 | Orc:2    | Reached skill level 12 in Fighting
 25548 | Orc:2    | Reached skill level 7 in Armour
 25622 | Orc:2    | Found Gaivafay's Antique Armour Boutique.
 25623 | Orc:2    | Found Qis Xeh's Antique Weapon Shop.
 25624 | Orc:2    | Found Runtinuj's General Store.
 25624 | Orc:2    | Found Xakh's Jewellery Boutique.
 25641 | Orc:2    | Bought an ichor-stained cloak for 323 gold pieces
 25652 | Orc:2    | Identified the cursed +0 cloak "Ygger" {rCorr Str+3} (You bought it in a shop on level 2 of the Orcish Mines)
 25661 | Orc:2    | Bought an uncursed ring of resist corrosion for 200 gold pieces
 25845 | D:12     | Killed Nessos
 25897 | D:12     | Killed Kirke
 25897 | D:12     | Reached skill level 8 in Armour
 26532 | D:13     | Found a gate to the Vaults.
 26731 | D:13     | Reached skill level 11 in Bows
 26891 | D:13     | Identified a scroll of acquirement
 26892 | D:13     | pffft
 26892 | D:13     | /random effects from ?acq
 27548 | D:13     | Noticed Maurice
 27561 | D:13     | Killed Maurice
 27631 | D:13     | Reached skill level 1 in Spellcasting
 27661 | D:13     | Learned a level 3 spell: Regeneration
 28095 | D:14     | Reached skill level 1 in Charms
 28480 | D:9      | Learned a level 2 spell: Blink
 28483 | D:9      | Learned a level 2 spell: Repel Missiles
 28753 | D:14     | Reached skill level 2 in Charms
 28804 | D:14     | Found Edwusof's General Store.
 29119 | D:14     | Reached skill level 3 in Charms
 29287 | D:15     | Entered Level 15 of the Dungeon
 29407 | D:15     | Reached skill level 12 in Bows
 29410 | D:15     | Reached XP level 15. HP: 37/132 MP: 23/23
 29433 | D:15     | fault
 29433 | D:15     | should've immediately go back up
 29672 | D:15     | Found Suinewif's Antique Armour Emporium.
 29726 | D:15     | Bought a jewelled chain mail for 342 gold pieces
 29740 | D:15     | Identified the +3 chain mail of the Planets {+Inv rC+ Str+2 Stlth-} (You bought it in a shop on level 15 of the Dungeon)
 29877 | D:15     | Found a staircase to the Depths.
 30501 | Snake:1  | Entered Level 1 of the Snake Pit
 31019 | Snake:1  | bad bad bad
 31601 | Lair:2   | ah right
 31601 | Lair:2   | it's not an ogre
 31697 | Lair:2   | Found a staircase to the Shoals.
 31726 | Shoals:1 | Entered Level 1 of the Shoals
 31739 | Shoals:1 | Learned a level 1 spell: Apportation
 31898 | Lair:2   | Reached skill level 15 in Unarmed Combat
 31951 | Shoals:1 | Noticed Nikola
 31951 | Shoals:1 | n o p e
 31964 | Lair:2   | for the next player:
 31964 | Lair:2   | - 12 in bows, the +7 flaming longbow does good damage
 31964 | Lair:2   | - switchable rN+/sInv on the ring
 31964 | Lair:2   | - got rc+ and mr+++ for shoals but nikola's next to the stairs
 31968 | Lair:2   | - no rElec for snake, shock serpents hurt a lot, as do being surrounded from guardian serpents
 31968 | Lair:2   | - i'd suggest adding points to int now
 31968 | Lair:2   | Upgraded the game from 0.19-a0-1168-g98094fc to 0.19-a0-1170-g18f0c96
 32079 | Snake:1  | Reached skill level 9 in Dodging
 33798 | Snake:2  | Reached skill level 9 in Armour
 33883 | Snake:2  | Found Zinah's Distillery.
 33889 | Snake:2  | Found Ameexajo's Weapon Boutique.
 33923 | Snake:2  | Found Usintofur's Gadget Boutique.
 33923 | Snake:2  | Found Caopsak's Jewellery Emporium.
 33924 | Snake:2  | Found Jedischa's Jewellery Emporium.
 33937 | Snake:2  | Bought the ring of Mifink {rF+++ rC+} for 670 gold pieces
 33951 | Snake:2  | Bought an uncursed ring of poison resistance for 200 gold pieces
 33951 | Snake:2  | Bought an uncursed ring of protection from fire for 250 gold pieces
 33962 | Snake:2  | i'm not thinking straight
 34006 | Snake:2  | Noticed a greater naga
 34016 | Snake:2  | Killed a greater naga
 34320 | Snake:2  | Noticed Aizul
 34702 | Snake:3  | Reached skill level 10 in Dodging
 35430 | Snake:3  | Reached skill level 10 in Armour
 35597 | Snake:4  | Entered Level 4 of the Snake Pit
 35963 | Snake:4  | Reached XP level 16. HP: 133/139 MP: 24/24
 36413 | Snake:4  | Reached skill level 13 in Bows
 37205 | Snake:4  | Reached skill level 14 in Bows
 38554 | Snake:4  | Reached skill level 15 in Bows
 38612 | Snake:4  | Got a serpentine rune of Zot
 38991 | Vaults:1 | Entered Level 1 of the Vaults
 39477 | Vaults:1 | Reached skill level 7 in Evocations
 39800 | Vaults:1 | Reached skill level 8 in Evocations
 39948 | Vaults:1 | Reached skill level 9 in Evocations
 40005 | Vaults:1 | Reached XP level 17. HP: 58/146 MP: 28/28
 40221 | Vaults:1 | Reached skill level 10 in Evocations
 40744 | Vaults:2 | Reached skill level 1 in Air Magic
 40957 | Vaults:2 | Reached skill level 2 in Air Magic
 41148 | Vaults:2 | Identified the Reference Book on Ice
 41313 | Vaults:2 | Reached skill level 3 in Air Magic
 41388 | Vaults:2 | Identified the Collected Works on Transmigration
 41393 | Vaults:2 | Learned a level 2 spell: Passwall
 41879 | Vaults:2 | Identified the Almanac of Stones
 42230 | Vaults:2 | Reached skill level 16 in Bows
 42955 | Vaults:1 | Gained mutation: Your natural rate of healing is unusually fast. [potion of beneficial mutation]
 44038 | Snake:2  | Killed Aizul
 44038 | Snake:2  | Reached skill level 17 in Bows
 44052 | Snake:2  | Bought a sack of spiders for 360 gold pieces
 44693 | Vaults:1 | Noticed Asterion
 45347 | Vaults:1 | Killed Asterion
 45588 | Vaults:1 | Reached XP level 18. HP: 155/155 MP: 30/30
 46095 | Vaults:1 | Reached skill level 13 in Fighting
 46119 | Vaults:2 | Mangled by a cyan very ugly thing

Vanquished Creatures
  Asterion (Vaults:1)
  Kirke (D:12)
  7 greater nagas
  2 azure jellies (Vaults:2)
  5 vault wardens
  A deep elf sorcerer (Vaults:1)
  An iron dragon (Vaults:2)
  Aizul (Snake:2)
  An orc warlord (Orc:2)
  11 ironheart preservers
  2 very ugly things
  2 entropy weavers
  A stone giant (Vaults:2)
  Nessos (D:12)
  An ettin (D:15)
  A minotaur (Lab)
  4 yaktaur captains
  2 fire dragons
  18 naga warriors
  6 hydras
  6 vault guards
  2 rakshasas (Vaults:2)
  2 ice dragons (Vaults:1)
  A great orb of eyes (Vaults:1)
  2 catoblepae
  6 anacondas
  4 centaur warriors
  4 ogre magi
  8 death yaks (Lair:5)
  A death knight (D:14)
  A deep troll shaman (Vaults:1)
  2 tengu warriors (D:15)
  4 orc high priests (Orc:2)
  A shock serpent (shapeshifter) (Vaults:1)
  10 naga sharpshooters
  5 shock serpents
  A hell knight (D:15)
  4 deep elf knights
  A sixfirhy (Lair:6)
  A shadow wraith (Vaults:1)
  A skeletal warrior (Vaults:1)
  3 wizards
  13 deep trolls (Vaults:1)
  3 unseen horrors
  5 deep elf archers
  9 hill giants
  A sea snake (Snake:3)
  7 naga ritualists
  2 necromancers
  4 ironbrand convokers (Vaults:1)
  8 orc knights
  6 mana vipers
  15 deep elf magi
  2 wolf spiders
  A hornet (Vaults:2)
  4 griffons
  28 ugly things
  5 orc sorcerers
  9 salamanders
  2 sirens
  8 cyclopes
  A guardian serpent (shapeshifter) (Vaults:1)
  2 ice statues (Vaults:2)
  2 guardian serpents
  Maurice (D:13)
  4 vault sentinels
  3 centaur zombies
  27 black mambas
  10 spiny frogs
  18 naga magi
  A smoke demon (Lair:6)
  A spiny frog (shapeshifter) (D:13)
  2 rime drakes
  20 yaktaurs
  3 orange demons (Lair:6)
  An efreet (D:14)
  2 freezing wraiths
  A kobold demonologist (D:12)
  5 komodo dragons
  2 ice devils (Lair:6)
  2 red devils (Lair:6)
  A hellwing (Lair:6)
  A tengu conjurer (D:15)
  2 merfolk (Lair:2)
  7 trolls
  6 meliai
  9 two-headed ogres
  10 slime creatures
  12 blink frogs
  7 boulder beetles
  2 tarantellas
  A redback (shapeshifter) (Vaults:1)
  A hog (shapeshifter) (Vaults:1)
  A vampire (D:13)
  3 redbacks
  A water elemental (D:15)
  2 shadows
  4 wraiths
  3 wyverns
  4 hogs
  2 humans (Lair:5)
  8 basilisks
  53 yaks
  4 hungry ghosts
  9 hippogriffs
  A steam dragon (D:12)
  4 mottled dragons
  7 wargs
  2 insubstantial wisps (Vaults:2)
  69 nagas
  9 water moccasins
  2 hell hounds (Lair:6)
  10 porcupines
  A soldier ant (D:13)
  A hornet simulacrum (Vaults:1)
  12 ice beasts
  44 orc warriors
  Purgy (D:4)
  A phantom (D:14)
  7 sky beasts
  3 black mamba simulacra (Vaults:2)
  3 fire dragon simulacra (Vaults:2)
  A necrophage (D:12)
  2 black bears (shapeshifter) (Vaults:2)
  16 ogres
  16 wolves
  7 centaurs
  2 eyes of draining (D:12)
  16 crocodiles
  6 big kobolds
  A glowing shapeshifter simulacrum (Vaults:2)
  12 giant frogs
  A wyvern zombie (D:8)
  2 gnoll sergeants
  2 earth elementals (Vaults:2)
  5 scorpions
  9 killer bees (D:9)
  An elephant simulacrum (Vaults:2)
  An orc simulacrum (Vaults:1)
  20 wights
  4 howler monkeys
  An electric eel (Snake:3)
  11 crimson imps
  2 giant frog zombies
  5 centaur skeletons
  11 hounds
  4 giant frog skeletons
  20 orc priests
  A gnoll shaman (D:7)
  4 jellies
  Jessica (D:3)
  10 iguanas
  2 yak simulacra (Lair:3)
  33 orc wizards
  10 hell rats (Lair:1)
  3 polar bear simulacra (Lair:3)
  13 worker ants
  3 wolf simulacra (Lair:3)
  10 sheep
  A hound zombie (D:5)
  A hound skeleton (D:9)
  Robin (D:2)
  2 howler monkey zombies
  18 gnolls
  14 adders
  A naga simulacrum (Vaults:2)
  41 river rats
  3 shadow imps
  A white imp (D:8)
  2 oozes
  2 adder skeletons
  3 worms
  A dart slug (D:2)
  8 giant geckos
  102 orcs
  7 bats
  9 giant cockroaches
  10 goblins
  18 hobgoblins
  3 jackals (D:8)
  8 quokkas
  A giant gecko zombie (D:6)
  7 giant newts
  12 kobolds
  25 rats
  2 river rat simulacra (Lair:3)
  A plant (D:9)
1281 creatures vanquished.

Vanquished Creatures (others)
  An unseen horror (D:12)
  A hornet (Vaults:2)
  A naga mage (Snake:4)
  2 humans (Lair:5)
  A water moccasin (Lair:5)
  A vampire bat (Vaults:2)
  A howler monkey (D:12)
  An orc wizard (Orc:2)
  A river rat simulacrum (Lair:3)
  14 fungi
  7 plants
31 creatures vanquished.

Grand Total: 1312 creatures vanquished
